cohdb
Replays
Latest Replays
All Replays
Popular Replays
Top Player Replays
Match Explorer
How It Works
Community
CoH3 Stats
Reddit
Sign in to upload your games and track your stats! →
Sign in with Steam
Match 42927264
Unlisted
Match 42927264
Overview
Messages
Build Orders
End
Pioneer Squad
Construct Infanterie Kompanie
Grenadier Squad
Grenadier Squad
Grenadier Squad
Infanterie Officer Quarters
Grenadier Squad
Construct Luftwaffe Kompanie
Selects Mechanized Battlegroup
221 Scout Car
Selects Raid Package
Jäger Squad
Selects StuG Assault Group
StuG Assault Group
Luftwaffe Officer Quarters
StuG Assault Group
Pioneer Squad
Selects Panther Heavy Tank
Panther Heavy Tank
Monsieur Nathan
桂妮薇尔
0
0
Comments
sign in to comment!
No comments posted yet!